 Dungeon Crawl Stone Soup version 0.31-a0-542-gdc2a67831c (webtiles) character file.

Game seed: 1613609496841963599

7725 LobsterGuardian the Cleaver (level 11, -1/133 HPs)
             Began as a Demonspawn Gladiator on Aug 14, 2023.
             Was a Believer of Uskayaw.
             Slain by Snorg (18 damage)
             ... on level 10 of the Dungeon.
             The game lasted 00:25:58 (9043 turns).

LobsterGuardian the Cleaver (Demonspawn Gladiator)  Turns: 9043, Time: 00:25:59

Health: -1/133     AC: 17    Str: 22    XL:     11   Next: 0%
Magic:  22/25      EV: 13    Int:  8    God:    Uskayaw [**....]
Gold:   440        SH:  5    Dex: 21    Spells: 10/10 levels left

rFire   + + .        i - +0 hand axe "Ryaceiju" {venom, rPois MP+9 SInv}
rCold   . . .        (no shield)
rNeg    . . .        p - +3 scale mail {rF+}
rPois   +            (helmet restricted)
rElec   .            C - +1 cloak
rCorr   .            E - +0 pair of gloves
SInv    +            u - +0 pair of boots
Will    .....        a - amulet of reflection Stlth
                     y - +6 ring of strength
HPRegen 0.42/turn    c - ring of protection from fire
MPRegen 0.19/turn

%: reflection
@: berserking, invisible, very quick
A: horns 1, spiny 1, sharp scales 2, agile 1, robust 1
a: Renounce Religion, Stomp, Line Pass


You were on level 10 of the Dungeon.
You worshipped Uskayaw.
Uskayaw was noncommittal.
You visited 2 branches of the dungeon, and saw 11 of its levels.

You collected 661 gold pieces.
You spent 221 gold pieces at shops.

Inventory:

Hand Weapons
 i - the +0 hand axe "Ryaceiju" (weapon) {venom, rPois MP+9 SInv}
   (You found it on level 2 of the Dungeon)

   rPois:     It protects you from poison MP+9: It affects your magic capacity
   (+9).
   SInv:      It lets you see invisible.
 D - a +5 hand axe
Missiles
 e - a javelin
Armour
 p - a +3 scale mail of fire resistance (worn)
 u - a +0 pair of boots (worn)
 C - a +1 cloak (worn)
 E - a +0 pair of gloves (worn)
Jewellery
 a - an amulet of reflection (around neck)
 b - a ring of flight
 c - a ring of protection from fire (right hand)
 y - a +6 ring of strength (left hand)
Wands
 d - a wand of mindburst (3)
 x - a wand of flame (23)
 A - a wand of iceblast (16)
Scrolls
 h - 2 scrolls of fear
 l - a scroll of vulnerability
 n - 2 scrolls of immolation
 o - 3 scrolls of blinking
 q - 2 scrolls of poison
 t - 2 scrolls of teleportation
 w - a scroll of silence
 F - 2 scrolls of identify
Potions
 g - 2 potions of resistance
 j - 2 potions of cancellation
 m - a potion of attraction
 s - a potion of magic
 v - a potion of might
 B - 3 potions of enlightenment


   Skills:
 + Level 6.0 Fighting
 + Level 11.3 Axes
 - Level 1.7 Throwing
 + Level 6.4 Armour
 * Level 5.4 Dodging
 * Level 7.6 Invocations


You had 10 spell levels left.
You didn't know any spells.
Your spell library contained the following spells:

 Spells                   Type           Power      Damage    Failure   Level
 Foxfire                  Conj/Fire      0%         2x1d4     71%         1
 Shock                    Conj/Air       0%         1d3       71%         1
 Ensorcelled Hibernation  Hex/Ice        0%         N/A       85%         2
 Lesser Beckoning         Tloc           0%         N/A       85%         2
 Sublimation of Blood     Necr           0%         N/A       85%         2
 Wereblood                Tmut           0%         N/A       85%         2
 Gell's Gravitas          Tloc           0%         N/A       97%         3
 Hailstorm                Conj/Ice       0%         3d3       97%         3
 Swiftness                Air            0%         N/A       97%         3
 Teleport Other           Tloc           0%         N/A       97%         3
 Airstrike                Air            0%         2d(0-16)  100%        4
 Anguish                  Hex/Necr       0%         N/A       100%        4
 Summon Ice Beast         Ice/Summ       0%         N/A       100%        4
 Plasma Beam              Fire/Air       0%         2x1d10    100%        6
 Simulacrum               Ice/Necr       0%         N/A       100%        6
 Starburst                Conj/Fire      0%         6d3       100%        6
 Summon Hydra             Summ           0%         N/A       100%        7


Dungeon Overview and Level Annotations

Branches:
Dungeon (10/15)            Temple (1/1) D:5            Lair (0/5) D:9
    Orc (0/2) D:9

Altars:
Ashenzari
Cheibriados
Dithmenos
Fedhas
Gozag
Hepliaklqana
Kikubaaqudgha
Makhleb
Nemelex Xobeh
Okawaru
Qazlal
Ru
Sif Muna
Trog
Uskayaw
Vehumet
Wu Jian
Xom
Yredelemnul

Shops:
D:3 [   D:5 =:   D:9 [(

Annotations:
D:3 2 runed translucent doors, Crazy Yiuf; Pokonic1's ghost, amateur DsEE
D:10 Snorg


Innate Abilities, Weirdness & Mutations

You have a pair of small horns on your head.
You are partially covered in sharp spines.
You are mostly covered in razor-sharp scales. (AC +2, Slay +2)
You are agile. (Dex +4, Str/Int -1)
You are robust. (+10% HP)


Message History

Aiming: Line Pass
Press: ? - help, Dir - move target, p - Snorg Snorg appears confused.
You can no longer pass through a line of other dancers.
Snorg closely misses you. Snorg claws you but does no damage.
Snorg barely misses you.
Unknown command.
You hear a shout!
You fade into invisibility!
Okay, then.
Okay, then.
You feel better. You block Snorg's attack. Snorg barely misses you.
Snorg claws you. Snorg barely misses you. Snorg claws you but does no damage.
Snorg completely misses you.
A red film seems to cover your vision as you go berserk!
You feel yourself moving faster!
You feel mighty! Snorg barely misses you. Snorg closely misses you. x2
Unknown command.
You catch the helpless Snorg completely off-guard!
You hit Snorg.
Snorg looks as sick as possible!
Snorg is moderately wounded.
Snorg is struck by your spines. Snorg closely misses you. Snorg misses you.
Snorg claws you!
You closely miss Snorg.
Snorg is moderately wounded.
Snorg is struck by your spines. Snorg bites you!!
* * * LOW HITPOINT WARNING * * *
Snorg misses you. Snorg claws you.
* * * LOW HITPOINT WARNING * * *
You closely miss Snorg.
Snorg is heavily wounded.
You catch the helpless Snorg completely off-guard!
You slice Snorg!!
Snorg looks as sick as possible!
Snorg is heavily wounded.
Snorg closely misses you. Snorg claws you but does no damage. x2
You can now pass through a line of other dancers.
You slash Snorg!
Snorg is severely wounded.
You block Snorg's attack. Snorg claws you but does no damage. Snorg claws you!!
You die...

................
.#...#.
#....#...######
.#.....
#........#
.#...#.
#.......####
.#.....
####...)...#
##....#
#.##(##.# #####
#..#.##.#
##.#T##[#
#.#@##.#
#.#.#..#
#.#.#### #.#.#
#.#.# #.#.#
..#.. .# ##.


You could see Snorg (berserk, unable to see you, extremely poisoned).

Vanquished Creatures
  A boulder beetle (D:6)
  A two-headed ogre (D:9)
  An unseen horror (D:6)
  A troll (D:10)
  Sigmund (D:3)
  A shadow (D:10)
  11 yaks
  3 wyverns
  A vampire mosquito (D:5)
  3 steam dragons
  Menkaure (D:4)
  Edmund (D:6)
  2 acid dragons (D:9)
  2 water moccasins
  3 orc warriors
  2 ice beasts
  A black bear (D:7)
  2 centaurs (D:10)
  2 phantoms
  A kobold brigand (D:8)
  A bullfrog (D:8)
  A gnoll sergeant (D:6)
  A scorpion (D:4)
  5 wights (D:9)
  3 killer bees (D:9)
  3 howler monkeys
  2 jellies
  A hound (D:7)
  3 gnoll boudas
  2 orc priests
  5 iguanas
  2 sleepcaps (D:6)
  Jessica (D:3)
  5 orc wizards
  Ijyb (D:3)
  15 gnolls
  7 adders
  3 shadow imps
  3 white imps
  An ufetubus (D:7)
  3 worms
  8 dart slugs
  18 orcs
  6 endoplasms
  4 giant cockroaches
  10 goblins
  7 hobgoblins
  9 jackals
  3 quokkas
  3 ball pythons
  5 bats
  2 frilled lizards (D:1)
  13 kobolds
  5 rats
202 creatures vanquished.

Notes
Turn   | Place    | Note
-------+----------+-------------------------------------------
     0 | D:1      | LobsterGuardian the Demonspawn Gladiator began the quest
                  | for the Orb.
     0 | D:1      | Reached XP level 1. HP: 16/16 MP: 1/1
    79 | D:1      | Reached skill level 3 in Axes
   168 | D:1      | Found a faded altar of an unknown god.
   270 | D:1      | Gained mutation: You have a pair of small horns on your
                  | head. [demonic ancestry]
   270 | D:1      | Reached XP level 2. HP: 14/22 MP: 2/2
  1111 | D:2      | Identified the +0 hand axe "Ryaceiju" {venom, rPois MP+9
                  | SInv}
  1125 | D:2      | Reached XP level 3. HP: 19/27 MP: 3/3
  1556 | D:2      | Reached skill level 1 in Armour
  1742 | D:3      | Noticed Ijyb
  1859 | D:3      | Noticed Jessica
  1865 | D:3      | Killed Jessica
  1866 | D:3      | Reached skill level 4 in Axes
  1866 | D:3      | Gained mutation: You are partially covered in sharp spines.
                  | [demonic ancestry]
  1866 | D:3      | Reached XP level 4. HP: 34/34 MP: 4/4
  1903 | D:3      | Noticed Sigmund
  1916 | D:3      | Killed Sigmund
  1917 | D:3      | Reached skill level 5 in Axes
  1917 | D:3      | Reached XP level 5. HP: 39/39 MP: 5/5
  1917 | D:3      | Reached XP level 6. HP: 46/46 MP: 6/6
  2075 | D:3      | Identified the +1 sling of Ifous {elec, rC+++ rCorr Str+3
                  | Int-5}
  2090 | D:3      | Killed Ijyb
  2252 | D:3      | Found a basalt altar of Yredelemnul.
  2252 | D:3      | Found a burning altar of Makhleb.
  2275 | D:3      | Found Naimelom's Armour Shoppe.
  2356 | D:3      | Found a runed translucent door.
  2356 | D:3      | Noticed Pokonic1's ghost (amateur DsEE)
  2448 | D:3      | Found a runed translucent door.
  2449 | D:3      | Noticed Crazy Yiuf
  2908 | D:4      | Noticed Menkaure
  2913 | D:4      | Killed Menkaure
  2914 | D:4      | Reached skill level 6 in Axes
  2914 | D:4      | Reached XP level 7. HP: 36/52 MP: 7/7
  3338 | D:5      | Entered Level 5 of the Dungeon
  3363 | D:5      | Found a staircase to the Ecumenical Temple.
  3380 | Temple   | Entered the Ecumenical Temple
  3443 | Temple   | Became a worshipper of Uskayaw the Reveller
  3495 | D:5      | Reached * piety under Uskayaw
  3496 | D:5      | Reached ** piety under Uskayaw
  3701 | D:5      | Found Hazeiwau's Book Emporium.
  3808 | D:5      | Found Vayteg's Jewellery Boutique.
  3932 | D:5      | Reached skill level 1 in Invocations
  3939 | D:5      | Noticed a vampire mosquito
  4027 | D:5      | Reached *** piety under Uskayaw
  4030 | D:5      | Reached **** piety under Uskayaw
  4033 | D:5      | Killed a vampire mosquito
  4034 | D:5      | Reached skill level 7 in Axes
  4132 | D:5      | Gained mutation: You are partially covered in razor-sharp
                  | scales. (AC +1, Slay +1) [demonic ancestry]
  4132 | D:5      | Reached XP level 8. HP: 58/58 MP: 9/9
  4425 | D:5      | Found a snail-covered altar of Cheibriados.
  4562 | D:6      | Noticed a boulder beetle
  4582 | D:6      | Killed a boulder beetle
  4583 | D:6      | Reached skill level 8 in Axes
  4648 | D:6      | Found a radiant altar of Vehumet.
  4880 | D:6      | Found a broken altar of Ashenzari.
  5045 | D:6      | Noticed Edmund
  5053 | D:6      | Gained mutation: You are mostly covered in razor-sharp
                  | scales. (AC +2, Slay +2) [demonic ancestry]
  5053 | D:6      | Reached XP level 9. HP: 56/65 MP: 12/12
  5058 | D:6      | Killed Edmund
  5240 | D:6      | Reached skill level 9 in Axes
  5633 | D:6      | Noticed an unseen horror
  5636 | D:6      | Found an iron altar of Okawaru.
  5643 | D:6      | Killed an unseen horror
  5657 | D:6      | Gained mutation: You are agile. (Dex +4, Str/Int -1)
                  | [potion of mutation]
  5657 | D:6      | Gained mutation: You are robust. (+10% HP) [potion of
                  | mutation]
  5724 | D:7      | Reached skill level 5 in Armour
  5735 | D:7      | Reached skill level 5 in Invocations
  6366 | D:7      | Reached skill level 10 in Axes
  6526 | D:8      | Reached ***** piety under Uskayaw
  6530 | D:8      | Reached XP level 10. HP: 46/80 MP: 14/14
  6733 | D:8      | Found a sacrificial altar of Ru.
  6839 | D:8      | Found an ancient bone altar of Kikubaaqudgha.
  7069 | D:8      | Found a radiant altar of Vehumet.
  7609 | D:9      | Reached skill level 5 in Fighting
  7690 | D:9      | Found a blossoming altar of Fedhas.
  7787 | D:9      | Identified the +0 leather armour of Raorucka {rElec Int+7
                  | Dex-3}
  7844 | D:9      | Noticed a two-headed ogre
  7853 | D:9      | Killed a two-headed ogre
  7933 | D:9      | Reached skill level 11 in Axes
  7933 | D:9      | Found a staircase to the Orcish Mines.
  7951 | D:9      | Found Fucuxtits's Armour Emporium.
  8116 | D:3      | Bought a +0 pair of gloves for 49 gold pieces
  8351 | D:9      | Found a stormy altar of Qazlal.
  8374 | D:9      | Reached skill level 5 in Dodging
  8489 | D:9      | Bought a +1 cloak for 172 gold pieces
  8538 | D:9      | Found a staircase to the Lair.
  8568 | D:9      | Found a hazy altar of Hepliaklqana.
  8678 | D:9      | Found Buurch's Weapon Shoppe.
  8805 | D:10     | Entered Level 10 of the Dungeon
  8969 | D:10     | Reached XP level 11. HP: 75/89 MP: 16/16
  9015 | D:10     | Noticed Snorg
  9043 | D:10     | Slain by Snorg

Illustrated notes

Levels and vault maps discovered:
D:1:      scummos_arrival_star, layout_basic, dilly_ecumenical_altar_fadedgnrine
D:2:      layout_rooms, lightli_corner_chamber
D:3:      layout_basic, gammafunk_temple_overflow_elements, serial_shops,
          shop_statue, gammafunk_ghost_grave, minmay_misc_feat_pillars,
          minmay_misc_feat_secret_circle, minmay_misc_feat_cross,
          uniq_crazy_yiuf_cottage, uniq_ijyb, uniq_sigmund, uniq_jessica
D:4:      layout_gridville, uniq_menkaure
D:5:      minmay_chambers_of_fours, layout_basic, lemuel_tele_altar,
          minmay_temple_entry_stoned_glass, serial_shops, shop, shop
D:6:      layout_cave_pools, nicolae_ashenzari_panopticon, lemuel_doored_altar,
          hangedman_feature_mirror, nicolae_benzene_ring, uniq_edmund
D:7:      layout_loops_ring, chequers_serial_rivers_micro_c
D:8:      layout_basic, nicolae_ru_awakened_eye, vehumet_crystals,
          kiku_gazebo_pond_becter
D:9:      layout_cave_pools, mainiacjoe_overflow_cross_hatched, fedhas_altar_3,
          nzn_hepliaklqana_mist_gate, lair_entry_dummy, orc_david_3,
          serial_shops, nicolae_shop_tiny_waterfront, enter_bailey_3
D:10:     layout_loops_cross, serial_co_window_serial, co_window_paths_a,
          co_window_paths_b, co_window_corner_a, co_window_paths_b,
          co_window_corner_a, co_window_paths_a, co_window_paths_c,
          co_window_broadway_c, co_window_corner_b, co_window_of_opportunity_b,
          co_window_of_opportunity_b, co_window_broadway_a, glass_columns_a,
          glass_columns_a, glass_columns_c, glass_columns_b, uniq_snorg
Temple:   minmay_temple_curvy_loop

Skill      XL: |  1  2  3  4  5  6  7  8  9 10 |
---------------+-------------------------------+-----
Axes           | 3 4 5 6 7 8 10 11 | 11.3
Armour         | 1 2 3 4 5 6 |  6.4
Dodging        | 3 4 5 |  5.4
Fighting       | 3 4 6 |  6.0
Invocations    | 2 4 5 7 |  7.6
Throwing       | |  1.7

Action                     |  1- 3 |  4- 6 |  7- 9 | 10-12 || total
---------------------------+-------+-------+-------+-------++-------
  Melee: War axe           |    60 |       |       |       ||    60
         Hand axe          |    61 |    57 |   217 |   144 ||   479
         Headbutt          |    14 |    14 |    54 |    33 ||   115
         Punch             |     1 |       |     3 |     3 ||     7
  Throw: Throwing net      |       |     4 |       |     3 ||     7
 Invoke: Stomp             |       |       |     9 |       ||     9
         Line Pass         |       |       |     4 |     1 ||     5
  Evoke: Wand              |       |       |     6 |       ||     6
    Use: Scroll            |     6 |       |    11 |     1 ||    18
         Potion            |       |     3 |     1 |     5 ||     9
   Stab: Sleeping          |     1 |       |       |       ||     1
         Held in net/web   |       |     1 |       |     2 ||     3
         Paralysed         |       |       |    17 |    13 ||    30
         Confused          |       |       |     2 |       ||     2
         Invisible         |       |       |       |     5 ||     5
 Armour: Leather armour    |    29 |     4 |       |       ||    33
         Scale mail        |       |    15 |    68 |    47 ||   130
  Dodge: Dodged            |    71 |    16 |    80 |    94 ||   261
  Block: Other             |       |     2 |    32 |    45 ||    79
         Reflection        |       |       |       |     4 ||     4

Table legend: (Time is in decaauts)
 A = Elapsed time spent in this place.
 B = Non-inter-level travel time spent in this place.
 C = Inter-level travel time spent in this place.
 D = Time resting spent in this place.
 E = Time spent auto-exploring this place.
 F = Levels seen in this place.
 G = Mean time per level.
                   A        B        C        D        E       F      G
               +--------+--------+--------+--------+--------+-----+--------+
         Total |   9032 |   8301 |    731 |    237 |   6763 |  11 |  821.1 |
       Dungeon |   8935 |   8269 |    666 |    237 |   6733 |  10 |  893.5 |
        Temple |     96 |     31 |     65 |      0 |     30 |   1 |   96.0 |
               +--------+--------+--------+--------+--------+-----+--------+

Top non-repeatable levels by time:
     D:6: 1195 daAuts
     D:8: 1187 daAuts
     D:5: 1158 daAuts
     D:1: 1094 daAuts
     D:3: 861 daAuts
     D:9: 852 daAuts
     D:2: 813 daAuts
     D:4: 794 daAuts
     D:7: 750 daAuts
    D:10: 228 daAuts
  Temple: 96 daAuts
